[Event "Early-Titled-Tuesday-Blitz-February-13-2024"]
[Site "Chess.com"]
[Date "2024.02.13"]
[Round "2"]
[White "Elegance_Riks"]
[Black "Schwarzschidl"]
[Result "1-0"]
[WhiteElo "2787"]
[BlackElo "2556"]
[TimeControl "180+1"]
[EndTime "8:20:57 PST"]
[Termination "Elegance_Riks won by resignation"]

1. Nf3 d5 2. g3 Nf6 3. Bg2 e6 4. O-O Be7 5. c4 O-O 6. b3 a5 7.
Nc3 c6 8. d4 b6 9. Bb2 Ba6 10. Nd2 Nbd7 11. e4 dxe4 12. Ndxe4 Rc8 13. Re1 b5 14. c5 b4 15. Nxf6+ Nxf6 16. Ne4 Nd5 17. Qc2 Qc7 18. Rad1 Rce8 19. Nd2 Bf6 20. Nc4 g6 21. h4 Bg7 22. h5 Rd8 23. Nd6 Rd7 24.
Qc1 Rfd8 25. hxg6 hxg6 26. Bxd5 cxd5 27. Kg2 Rxd6 28. cxd6 Qxd6 29. Qe3 Qb6 30. Rh1 a4 31. Qg5 a3 32. Bc1 Rc8 33. Bf4 Bxd4 34. Be5 Bxe5 35. Qxe5 Kf8 36. Qf6 Ke8 37. Rh8+ Kd7 38. Qxf7+ Kd6 39.
Qf4+ Kd7 40. Rh7+ Kc6 41. Qf7 Kb5 42. Re1 Rc6 43. Qe8 Ka5 44. Re7 Rc2 45. Qf7 Bc8 46. Ra7+ Kb5 47. Qe8+ Qc6 48. Qxc6+ Kxc6 49. Rg7 Kd6 50.
Ra1 d4 51. Rxg6 Bb7+ 52. Kf1 Be4 53. Rg8 Bf3 54. Rd8+ Ke5 55. Re1+ Kf5 56. Rxd4 Rxa2 57. Rf4+ Kg5 58. Rxf3 Rb2 59. Rfe3 a2 60. Re5+ Kg4 61.
Ra5 Rxb3 62. Rxa2 Kf3 63. Rae2 Kg4 64. Re4+ Kf5 65. Re5+ Kg4 66. Rxe6 Rb2 67. R6e4+ Kf5 68. Rf4+ Kg5 69. Kg2 b3 70. Re5+ Kg6 71. Rb5 Ra2 72.
Rxb3 1-0

[Event "Early-Titled-Tuesday-Blitz-February-13-2024"]
[Site "Chess.com"]
[Date "2024.02.13"]
[Round "2"]
[White "Austen48"]
[Black "verrbaa"]
[Result "0-1"]
[WhiteElo "2214"]
[BlackElo "2499"]
[TimeControl "180+1"]
[EndTime "8:20:57 PST"]
[Termination "verrbaa won by resignation"]

1. d4 Nf6 2. c4 g6 3. Nc3 d5 4.
Nf3 Bg7 5. Qb3 dxc4 6. Qxc4 a6 7.
e4 b5 8. Qb3 Bb7 9. e5 Nd5 10.
a4 Nxc3 11. bxc3 Bd5 12. Qb2 bxa4 13. Rxa4 O-O 14. Be2 c5 15. O-O Nc6 16. Be3 Rb8 17. Qa1 cxd4 18. cxd4 Nb4 19. Rc1 f6 20. Qc3 Na2 21.
Rxa2 Bxa2 22. Bxa6 Bd5 23. Bc4 Kh8 24. Bxd5 Qxd5 25. h3 fxe5 26. dxe5 Rbd8 27. Bg5 Qe6 28. Qc7 Rc8 29. Qa5 Rxc1+ 30. Bxc1 h6 31. Be3 Kh7 32. Qb5 Rd8 33. Qa4 Qd5 34. Qf4 Rf8 35. Qh4 Rf5 36. Qxe7 Qd1+ 37. Kh2 Qd5 38. Qh4 Kg8 39. Qe7 Rf7 40.
Qe8+ Rf8 41. Qe7 Qf7 42. Qxf7+ Kxf7 43. Bc5 Re8 44. Bd6 Ke6 45. g4 g5 46. Kg3 Kd5 47.
Kg2 Rc8 48. Kf1 Ke4 49. Ke2 Rc2+ 50. Nd2+ Kd5 51. f3 Bxe5 52. Kd3 Ra2 53. Bxe5 Kxe5 54. Nc4+ Kf4 55. Nd6 Kxf3 56. Nf7 Kg3 57. Nxh6 Kxh3 58.
Nf7 Kxg4 59. Ke4 Ra4+ 60. Ke3 Kf5 61. Nh6+ Kg6 62. Ng8 Ra7 63. Kf3 Kg7 64. Kg4 Kxg8 65. Kxg5 Kg7 0-1

[Event "Early-Titled-Tuesday-Blitz-February-13-2024"]
[Site "Chess.com"]
[Date "2024.02.13"]
[Round "2"]
[White "FLYD"]
[Black "JERO-8914"]
[Result "0-1"]
[WhiteElo "1963"]
[BlackElo "2440"]
[TimeControl "180+1"]
[EndTime "8:20:57 PST"]
[Termination "JERO-8914 won on time"]

1. e4 e5 2. Nf3 Nf6 3. Nc3 Nc6 4. Bc4 Bc5 5. O-O d6 6. h3 h6 7. d3 g5 8. Nh2 Rg8 9. Be3 Bb6 10. a4 h5 11. Rb1 h4 12. b4 g4 13. a5 Bd4 14.
Bxd4 Nxd4 15. hxg4 Bxg4 16. Nxg4 Nxg4 17. Nd5 h3 18. g3 Qg5 19. Qxg4 Qxg4 20. Nf6+ Ke7 21. Nxg4 Nf3+ 22. Kh1 Rxg4 23. Rfe1 Nxe1 24. Rxe1 Rf8 25. Bd5 c6 26. Bb3 f5 27. exf5 Rxf5 28. Re2 Rxb4 29. f4 Kf6 30. fxe5+ dxe5 31. Kh2 Rb5 32. a6 bxa6 33.
Bc4 Rc5 34. Bxa6 Ra5 35. Bc4 Ra3 36. Bb3 a5 37. Re4 Rf3 38. Rc4 Kg5 39. Rc5 Kf5 40.
Rxc6 Ra1 41. Be6+ Kg5 42. Kxh3 Rf2 43. Bd5 Rc1 44. Rc8 Rcxc2 45. Rg8+ Kf6 46. Rf8+ Ke7 47. Ra8 Rc5 48. Be4 Rf6 49. Kg4 Rf8 50. Ra7+ Kd6 51. Ra6+ Kc7 52. Ra7+ Kb6 53. Rb7+ Ka6 54. Re7 Rf6 55.
Rb7 Rb6 56. Rd7 a4 57. d4 exd4 58. Rxd4 Ka5 59. Rd8 Rb4 60. Kf3 Rc3+ 61. Kf4 Rcc4 62. Re8 a3 63. Ra8+ Kb6 64. Rb8+ Kc5 65. Rxb4 Rxb4 0-1

[Event "Early-Titled-Tuesday-Blitz-February-13-2024"]
[Site "Chess.com"]
[Date "2024.02.13"]
[Round "2"]
[White "Mikasinski"]
[Black "BogdanDeac"]
[Result "0-1"]
[WhiteElo "2663"]
[BlackElo "3003"]
[TimeControl "180+1"]
[EndTime "8:20:58 PST"]
[Termination "BogdanDeac won by resignation"]

1. e4 c6 2. d4 d5 3. e5 Bf5 4.
h4 h5 5. Bd3 Bxd3 6. Qxd3 e6 7.
Bg5 Be7 8. Nf3 Nh6 9. Bxh6 Rxh6 10. Nbd2 c5 11. dxc5 Na6 12. Nb3 Nxc5 13. Nxc5 Qa5+ 14.
c3 Qxc5 15. Qd4 Rc8 16. Qxc5 Rxc5 17. Kd2 Rg6 18. g3 Rg4 19. Nd4 Rc4 20. b3 Rc8 21.
Rhg1 Kd7 22. f3 Rg6 23. Rac1 Ba3 24. Rc2 Be7 25. Kd3 Bxh4 26. Ne2 Be7 27. Rh1 Rh6 28. c4 dxc4+ 29. bxc4 h4 30. g4 Rhh8 31. Ke4 g5 32. a4 Kc7 33. a5 Rcd8 34. Rb2 Bc5 35. Rhb1 b6 36. a6 Rd7 37. f4 gxf4 38. Rf1 h3 39.
Rh1 f3 40. Kxf3 Rd3+ 41. Kf4 Ra3 42. Ng3 Rxa6 43. Ne4 Ra4 44. Rc2 Kc6 45. Ng5 Be7 46. Nxh3 Rh4 47. Nf2 Rxh1 48. Nxh1 b5 49. Ke3 Rxc4 50.
Ra2 Bc5+ 51. Kf3 Rc3+ 52. Ke4 Rc4+ 53. Kf3 b4 54. Ng3 b3 55. Rb2 Rc3+ 56. Kf4 Ba3 57. Rb1 b2 58. Ne2 Rc1 59. Rxb2 Bxb2 60. Nxc1 Bxc1+ 61. Ke4 Kd7 62. Kd4 Bg5 63. Kc5 Kc7 64. Kb5 Bf4 65. g5 Bxg5 0-1

[Event "Early-Titled-Tuesday-Blitz-February-13-2024"]
[Site "Chess.com"]
[Date "2024.02.13"]
[Round "2"]
[White "Nouali_Mohamed"]
[Black "bylavochka"]
[Result "1-0"]
[WhiteElo "2543"]
[BlackElo "2323"]
[TimeControl "180+1"]
[EndTime "8:20:58 PST"]
[Termination "Nouali_Mohamed won by checkmate"]

1. e4 c5 2. Nf3 d6 3. d4 cxd4 4. Nxd4 Nf6 5. Nc3 g6 6. Be3 Bg7 7. f3 Nc6 8. Qd2 O-O 9. Bc4 Bd7 10. O-O-O Qa5 11. Kb1 Rfc8 12. Bb3 Ne5 13. g4 Rxc3 14. Qxc3 Qxc3 15. bxc3 Be8 16. h4 Rc8 17. Kb2 Nfd7 18.
h5 Nb6 19. Bc1 Nec4+ 20. Kb1 Na4 21. Bxa4 Bxa4 22. hxg6 hxg6 23. f4 Bd7 24. f5 Nb6 25. Rh3 Na4 26. Bb2 g5 27. Rh5 Bf6 28. Rd3 Nc5 29. Re3 Kg7 30. Nb3 Na4 31. Reh3 Nxc3+ 32. Bxc3 Rxc3 33. Rxg5+ Bxg5 34. Rxc3 Bc6 35. Rc4 Kf6 36. Na5 Ke5 37. Nxc6+ bxc6 38. Kb2 d5 39. exd5 cxd5 40. Ra4 Be3 41. Kc3 Bb6 42. Kd3 d4 43. c3 dxc3 44.
Kxc3 e6 45. fxe6 fxe6 46. Kd3 Bc5 47. Re4+ Kd5 48. a4 e5 49. Re2 Bd4 50. g5 Ke6 51.
Ke4 Kf7 52. Rg2 Kg6 53. a5 Kg7 54. a6 Kg6 55. Rg3 Kg7 56. Kf5 Kf7 57. Rg4 Bc3 58.
g6+ Kg7 59. Rg2 Bd4 60. Rc2 Kh6 61. Rc7 Bc3 62. Rh7# 1-0

[Event "Early-Titled-Tuesday-Blitz-February-13-2024"]
[Site "Chess.com"]
[Date "2024.02.13"]
[Round "2"]
[White "N4700000"]
[Black "Hauptsache_Gambit"]
[Result "1-0"]
[WhiteElo "2442"]
[BlackElo "2025"]
[TimeControl "180+1"]
[EndTime "8:20:59 PST"]
[Termination "N4700000 won by resignation"]

1. e4 c5 2. Nf3 Nc6 3. Bb5 e5 4. O-O d6 5. c3 Nf6 6. d4 Qc7 7. d5 a6 8. Ba4 b5 9. dxc6 bxa4 10. Qxa4 Be7 11. Bg5 O-O 12. Bxf6 Bxf6 13. c4 Bg4 14. Nc3 Rfc8 15. Nd5 Qxc6 16. Qxc6 Rxc6 17. Nd2 Rb8 18. b3 Bg5 19. Nb1 Be6 20. Rd1 f5 21.
exf5 Bxf5 22. Nbc3 Bc2 23. Re1 Rf8 24. Ne4 Bd8 25.
Rac1 Bd3 26. Re3 Bxe4 27. Rxe4 a5 28. Nc3 Ra6 29. Rd1 Kf7 30. g3 Ke6 31. Kg2 g5 32.
Rd3 h5 33. h3 Kf5 34. g4+ hxg4 35. hxg4+ Ke6 36. Rh3 Rf4 37. Rh6+ Kd7 38. Kg3 a4 39. Re3 Ba5 40. Nxa4 Bd2 41. Nxc5+ dxc5 42. Rxa6 Bxe3 43. fxe3 Rf1 44. Rg6 Re1 45. Kf3 Rf1+ 46. Ke4 Rf2 47. Rxg5 Rxa2 48. Rxe5 Rg2 49. Rxc5 Rxg4+ 50. Kd3 Rg1 51. Kc3 Kd6 52. Rd5+ Kc6 53. Rd3 Rg2 54. Kd4 Rg4+ 55. e4 Rg8 56. b4 Kd6 57. b5 Ke6 58.
Kc5 Rc8+ 59. Kb4 Ke5 60. c5 Kxe4 61. Rd7 Ke5 62. c6 Ke6 63. Kc5 Rh8 64. b6 Rh5+ 65.
Kb4 Rh1 66. b7 Rb1+ 67. Kc5 Rc1+ 68. Kb6 Rb1+ 69. Kc7 Ke5 70. b8=Q Rxb8 71. Kxb8 1-0

[Event "Early-Titled-Tuesday-Blitz-February-13-2024"]
[Site "Chess.com"]
[Date "2024.02.13"]
[Round "2"]
[White "VitaliyBernadskiy"]
[Black "ChessSG1"]
[Result "1/2-1/2"]
[WhiteElo "2887"]
[BlackElo "2437"]
[TimeControl "180+1"]
[EndTime "8:21:01 PST"]
[Termination "Game drawn - insufficient material"]

1. d4 Nf6 2. Bf4 c5 3. e3 d5 4. Nc3 a6 5. Be2 Nc6 6. Nf3 Bf5 7. Ne5 e6 8. g4 Bg6 9. h4 Nxe5 10. dxe5 d4 11.
Nb5 axb5 12. exf6 Be4 13. Bxb5+ Bc6 14. Bxc6+ bxc6 15. Qf3 Qd5 16. Qxd5 cxd5 17. fxg7 Bxg7 18. exd4 Bxd4 19. c3 Bg7 20. Be3 d4 21. cxd4 cxd4 22. Bd2 Kd7 23. Ke2 Rhb8 24. b4 d3+ 25. Kxd3 Bxa1 26. Rxa1 Ra3+ 27. Kc2 Rba8 28. Kb2 Kc6 29. Rc1+ Kd6 30. Ra1 Kd5 31. h5 Ke4 32. b5 Kd3 33.
Bb4 R3a4 34. a3 Kc4 35. b6 Kb5 36. Rd1 Kxb6 37. Rd7 R4a7 38. Rd4 Kc6 39. Kb3 Rd7 40. Rc4+ Kb6 41. a4 Rd3+ 42. Bc3 Kb7 43. Kb4 Rc8 44. Rxc8 Kxc8 45. Be5 Rf3 46. Bg3 Kb7 47. Kc5 Ra3 48. Kd6 Rxa4 49. g5 Ra5 50. f4 Rf5 51. Ke7 Kc6 52. Kf8 Kd5 53. Kg7 Ke4 54. Kxh7 Kf3 55. Bh2 Kg2 56. h6 Kxh2 57. Kg7 Rxf4 58. h7 Rh4 59. h8=Q Rxh8 60. Kxh8 e5 61. Kg7 e4 62. Kxf7 e3 63. g6 e2 64. g7 e1=Q 65. g8=Q Qf2+ 66.
Kg7 Qg3+ 67. Kh7 Qxg8+ 68. Kxg8 1/2-1/2

[Event "Early-Titled-Tuesday-Blitz-February-13-2024"]
[Site "Chess.com"]
[Date "2024.02.13"]
[Round "2"]
[White "mbachez"]
[Black "Iball95"]
[Result "0-1"]
[WhiteElo "2606"]
[BlackElo "2895"]
[TimeControl "180+1"]
[EndTime "8:21:04 PST"]
[Termination "Iball95 won on time"]

1. e4 c5 2. Nf3 e6 3. d4 cxd4 4. Nxd4 Nf6 5. Nc3 Nc6 6. Ndb5 Bc5 7. Nd6+ Ke7 8. Nxc8+ Rxc8 9. Bd3 Qc7 10. Qe2 h5 11. Be3 Bxe3 12. Qxe3 a6 13. O-O-O b5 14. Kb1 Ng4 15.
Qg5+ Kf8 16. h3 Nge5 17. f4 Nxd3 18. cxd3 f6 19. Qc5+ Ne7 20. Qf2 Kf7 21. Rc1 Qc5 22. d4 Qb6 23. Qd2 b4 24. Na4 Qb5 25. Nc5 d6 26. Nd3 a5 27. d5 exd5 28. e5 dxe5 29. fxe5 b3 30. axb3 Qxb3 31. exf6 gxf6 32. Rce1 Ng6 33.
Rhf1 Rhe8 34. Rxe8 Rxe8 35. Nc1 Qc4 36. Qf2 Re6 37. Rd1 Rc6 38. Nd3 Qe4 39. Qa7+ Ne7 40. Qxa5 Nf5 41. Qa7+ Kg6 42. Qd7 Re6 43. Qxd5 Ne3 44.
Qxe6 Qxe6 45. Nf4+ Kf5 46. Nxe6 Nxd1 47. Nd4+ Ke4 48.
Nf3 Ne3 49. Ne1 Kd4 50. Nc2+ Kd3 51. Nxe3 Kxe3 52. Kc2 f5 53. Kc3 f4 54. b4 Kf2 55.
b5 Kxg2 56. b6 f3 57. b7 f2 58. b8=Q f1=Q 0-1

[Event "Early-Titled-Tuesday-Blitz-February-13-2024"]
[Site "Chess.com"]
[Date "2024.02.13"]
[Round "2"]
[White "rcmz"]
[Black "cukricek"]
[Result "0-1"]
[WhiteElo "2188"]
[BlackElo "2491"]
[TimeControl "180+1"]
[EndTime "8:21:04 PST"]
[Termination "cukricek won by resignation"]

1. b4 Nf6 2. Bb2 g6 3. e3 Bg7 4. f4 O-O 5. Nf3 d6 6. c4 a5 7. b5 Nbd7 8. Be2 e5 9. fxe5 Ng4 10. O-O dxe5 11. h3 Nh6 12. e4 f5 13. d3 b6 14. Nc3 Bb7 15. Nd5 Bxd5 16. cxd5 Qe7 17.
Qc2 Nc5 18. Ba3 Rf7 19. Bxc5 bxc5 20. a4 Bf8 21. Rac1 Rg7 22. Qd2 g5 23. Qc3 g4 24.
hxg4 Nxg4 25. Qd2 f4 26. Nh2 Ne3 27. Rf2 Qh4 28. Bf3 Be7 29. Nf1 Ng4 30. Bxg4 Rxg4 31. Nh2 Rg6 32. Nf3 Qh5 33. Kf1 Kh8 34. Ke1 Rag8 35.
Kd1 Bd6 36. Kc2 Rg3 37. Rcf1 Qg4 38. Qe2 Rxg2 39. Rxg2 Qxg2 40. Qxg2 Rxg2+ 41. Kc3 Rg3 42. Ng5 Kg7 43. Ne6+ Kf6 44. Rh1 Kg6 45. Rf1 h5 46. Kc4 h4 47. Nxc5 Bxc5 48. Kxc5 h3 49. Rh1 Rxd3 50. b6 cxb6+ 51. Kxb6 Kg5 52. Kxa5 Kg4 53. Kb4 Kg3 54. Re1 h2 55. a5 f3 56. a6 f2 57.
Rc1 Kg2 58. a7 f1=Q 59. Rxf1 Kxf1 60. a8=Q h1=Q 61. Qa1+ Kg2 62. Qxh1+ Kxh1 63. Kc5 Rd4 64. d6 Rxe4 65. d7 Rd4 66. Kc6 e4 67. d8=Q Rxd8 0-1

[Event "Early-Titled-Tuesday-Blitz-February-13-2024"]
[Site "Chess.com"]
[Date "2024.02.13"]
[Round "2"]
[White "HansOnTwitch"]
[Black "Harry_Rakkel"]
[Result "1/2-1/2"]
[WhiteElo "3163"]
[BlackElo "2697"]
[TimeControl "180+1"]
[EndTime "8:21:05 PST"]
[Termination "Game drawn - insufficient material"]

1. d4 Nf6 2. Nc3 d5 3. Bf4 a6 4. e3 e6 5. g4 Bb4 6. Ne2 O-O 7. a3 Bd6 8. g5 Nfd7 9. Bxd6 cxd6 10. h4 b5 11. Bg2 Nb6 12. Nf4 Nc6 13. Qh5 Qc7 14. Bf1 b4 15. axb4 Nxb4 16. Qd1 Bd7 17. Nd3 a5 18. h5 Nc4 19. Qc1 Rab8 20. Nd1 Bb5 21. b3 Na3 22. Nxb4 axb4 23. c3 Rfc8 24. g6 fxg6 25.
hxg6 hxg6 26. Bxb5 Nxb5 27. Qb1 Qf7 28. cxb4 Nc3 29.
Qd3 Nxd1 30. Rxd1 Qf3 31. Rg1 Rf8 32. Rf1 Rxb4 33. Qxg6 Qf7 34. Rg1 Rxb3 35. Qxf7+ Kxf7 36. Ke2 Ra8 37. Rd2 Rh8 38. Rc1 Rh2 39. Rc7+ Kf6 40. Rd7 Rb6 41. Rc2 g5 42. Kf3 Rh3+ 43. Kg4 Rh4+ 44.
Kg3 Rh8 45. Rcc7 Rf8 46. Kg4 Rb1 47. Rh7 Rg1+ 48. Kf3 Kg6+ 49. Ke2 Rg2 50. Rcg7+ Kf6 51. Kf1 Rg4 52. Rd7 Kf5 53. Rxd6 Rh4 54. Re7 Rf6 55. Kg2 g4 56. Re8 Rh3 57. Rd7 Rf3 58. Rg7 Ke4 59. Rxg4+ Kd3 60. Rf4 R3xf4 61. exf4 Rxf4 62. Rxe6 Kxd4 63.
Kg3 Rf8 64. f4 Kc3 65. Kf3 d4 66. Rc6+ Kd2 67. Ke4 d3 68. Rd6 Re8+ 69. Kf5 Ke2 70. Kg6 d2 71. f5 d1=Q 72. Rxd1 Kxd1 73. f6 Ke2 74. f7 Rf8 75. Kg7 Rxf7+ 76. Kxf7 1/2-1/2

[Event "Early-Titled-Tuesday-Blitz-February-13-2024"]
[Site "Chess.com"]
[Date "2024.02.13"]
[Round "2"]
[White "FMStan15"]
[Black "Slovineanu"]
[Result "0-1"]
[WhiteElo "2008"]
[BlackElo "2442"]
[TimeControl "180+1"]
[EndTime "8:21:05 PST"]
[Termination "Slovineanu won on time"]

1. e4 c6 2. d4 d5 3. e5 Bf5 4. Bd3 Bxd3 5. Qxd3 Qa5+ 6. c3 e6 7. Ne2 Qa6 8. Qf3 Ne7 9. O-O Nd7 10. Bg5 h6 11.
Bxe7 Bxe7 12. Nd2 O-O 13. b4 Qb6 14. Nb3 Qc7 15. Ng3 b6 16. Qg4 g6 17. h4 Kh7 18.
h5 Rg8 19. hxg6+ Rxg6 20. Qf3 Rf8 21. Nh5 Bg5 22. g3 c5 23. bxc5 bxc5 24. Nxc5 Nxc5 25. dxc5 Qxe5 26. Kg2 Qc7 27. Rab1 Qxc5 28. Rb7 Kg8 29.
Nf4 Bxf4 30. Qxf4 Qxc3 31. Rxa7 Qf6 32. Qc7 Rd8 33. Rb1 d4 34. Rb8 Rxb8 35. Qxb8+ Kh7 36. Rd7 Rg5 37. Qa7 Rf5 38. Qxd4 Qxd4 39. Rxd4 Ra5 40.
a4 Kg6 41. f4 f6 42. Kf3 Rc5 43. Rb4 Rc3+ 44. Kg4 Ra3 45. Rb6 h5+ 46. Kh4 Kf5 47.
Rb5+ e5 48. fxe5 fxe5 49. a5 Ra1 50. Kh3 Ke4 51. Kh4 Kd4 52. Kxh5 e4 53. Rb4+ Kd3 54. Rb3+ Kc4 55. Re3 Kd4 56. Rb3 e3 57. Rb2 Kc3 58.
Rg2 Kd3 59. g4 e2 60. Rxe2 Kxe2 61. g5 Ke3 62. Kh6 Ke4 63. g6 Rh1+ 64. Kg7 Ke5 65. Kf7 Rf1+ 66. Ke7 Rc1 67. g7 Rc7+ 68. Kf8 Kf6 0-1

[Event "Early-Titled-Tuesday-Blitz-February-13-2024"]
[Site "Chess.com"]
[Date "2024.02.13"]
[Round "2"]
[White "calin_dragomirescu"]
[Black "LeoLV10"]
[Result "0-1"]
[WhiteElo "2332"]
[BlackElo "2551"]
[TimeControl "180+1"]
[EndTime "8:21:11 PST"]
[Termination "LeoLV10 won by resignation"]

1. c4 c5 2. Nf3 Nc6 3. g3 g6 4.
Bg2 Bg7 5. Nc3 d6 6. O-O e5 7.
d3 Nge7 8. Rb1 O-O 9. a3 a5 10. Nb5 Be6 11. Ng5 Bc8 12. Ne4 d5 13. cxd5 Nxd5 14.
Nxc5 Re8 15. Nc3 Nde7 16. a4 Be6 17. Nxe6 fxe6 18. Ne4 Nd5 19. Bd2 Qe7 20. Rc1 Rf8 21. Nc3 Ndb4 22. Ne4 Nd5 23. Rc4 Nb6 24. Rc5 Nd4 25.
e3 Nf5 26. Rb5 Nd5 27. Nc5 b6 28. Nb3 Nd6 29. Rxd5 exd5 30. Bxd5+ Kh8 31. Bxa8 Rxa8 32. Bc3 Rf8 33. Nd2 Qb7 34. e4 Qc6 35. Qb3 Nb7 36. Nc4 Nc5 37. Qb5 Qc8 38. Qxb6 Nxd3 39. Ne3 Nc5 40.
f3 Nxa4 41. Qxa5 Nc5 42. Bb4 Nb3 43. Qd5 Nd4 44. Bxf8 Qxf8 45. Kg2 h6 46. Ng4 Qb8 47. b4 h5 48. Ne3 Qxb4 49. Rf2 Qe1 50. Qd8+ Kh7 51.
Qd7 Qxe3 52. h4 Qe1 53. Qd5 Ne2 54. Rxe2 Qxe2+ 55. Kh3 Qxf3 56. Kh2 Qg4 57. Kg2 Qc8 58. Qf7 Qf8 59. Qd5 Qe7 60. Kh3 Bf6 61. Kg2 Kg7 62.
Kh3 Kh6 63. Kg2 g5 64. hxg5+ Bxg5 65. Qg8 Bf6 66. Kh3 Qd7+ 67. Kg2 Qd2+ 68. Kh3 Qe2 69. Qf8+ Bg7 70. Qf5 Qg4+ 71. Qxg4 hxg4+ 72. Kxg4 Kg6 73. Kf3 Kg5 74. Ke3 Kg4 75. Kf2 Bh6 76. Kg2 Be3 77.
Kh2 Kf3 78. Kh3 Bg5 79. g4 Kf4 80. Kh2 Kxe4 81. Kg2 Kf4 0-1

[Event "Early-Titled-Tuesday-Blitz-February-13-2024"]
[Site "Chess.com"]
[Date "2024.02.13"]
[Round "2"]
[White "itsdsyr"]
[Black "tandaleo"]
[Result "0-1"]
[WhiteElo "2298"]
[BlackElo "2535"]
[TimeControl "180+1"]
[EndTime "8:21:14 PST"]
[Termination "tandaleo won by resignation"]

1. e4 e5 2. Nf3 Nc6 3. Bb5 a6 4.
Ba4 d6 5. O-O Bd7 6. c3 Nge7 7.
d4 Ng6 8. h3 Be7 9. Be3 h6 10.
Nbd2 Bg5 11. Qe2 Qf6 12. Rad1 b5 13. Bb3 O-O 14. Rfe1 Bxe3 15. fxe3 Na5 16. Bc2 Qe7 17. Nf1 c5 18. Ng3 Nc4 19. b3 Nb6 20. Nf5 Bxf5 21.
exf5 Nh4 22. Nh2 e4 23. Rf1 g6 24. f6 Qe6 25. Qf2 Nf5 26. Qf4 Rfe8 27. Ng4 Kh7 28.
dxc5 dxc5 29. Nf2 Nd5 30. Rxd5 Qxd5 31. Bxe4 Rxe4 32. Nxe4 Re8 33. Ng3 Nxe3 34. Rf2 Nd1 35.
Rd2 Re1+ 36. Kh2 Qe6 37. Qf3 Ne3 38. Re2 Rxe2 39. Qxe2 Nd5 40. Qxe6 fxe6 41. c4 bxc4 42. bxc4 Ne3 43. Ne4 Kg8 44. Nxc5 Kf7 45. Nxa6 Nxc4 46.
Nc5 Kxf6 47. Kg3 Ke5 48. Kf3 Kd5 49. Nd7 e5 50. Nf8 g5 51. Ke2 Na3 52. Ng6 e4 53. Ne7+ Ke6 54. Nc6 Kf5 55. Nd4+ Kf4 56. Ne6+ Ke5 57. Kf1 Kxe6 58. Ke2 Kd5 59. Ke3 Nc4+ 60. Ke2 Kd4 61. a4 Na5 62. g3 e3 63. h4 Ke4 64. hxg5 hxg5 65. g4 Nb3 0-1

[Event "Early-Titled-Tuesday-Blitz-February-13-2024"]
[Site "Chess.com"]
[Date "2024.02.13"]
[Round "2"]
[White "JiaHaoxiang"]
[Black "gmcorrales"]
[Result "1-0"]
[WhiteElo "2604"]
[BlackElo "2833"]
[TimeControl "180+1"]
[EndTime "8:21:21 PST"]
[Termination "JiaHaoxiang won by resignation"]

1. d4 Nf6 2. Bf4 c5 3. d5 Qb6 4.
Nc3 e6 5. e4 exd5 6. exd5 d6 7.
Bb5+ Bd7 8. Qe2+ Be7 9. O-O-O Bxb5 10. Nxb5 O-O 11. Qxe7 Qxb5 12. Qxd6 Ne4 13. Qe5 Nxf2 14. Nf3 Nd7 15. Qf5 Nxh1 16. Rxh1 Rfe8 17. d6 g6 18. Qh3 Re2 19. Rd1 Qa4 20. Rd2 Qxf4 21. Qxd7 Rxd2 22. Nxd2 Qe3 23. c3 Qg1+ 24. Kc2 Qxg2 25.
Qe7 Qxh2 26. d7 Qb8 27. Ne4 h5 28. Nf6+ Kg7 29. Ne8+ Kh7 30. Qxf7+ Kh6 31. Qg7+ Kg5 32. Qf6+ Kg4 33. Qxg6+ Kh4 34. Nd6 Qg8 35. Qxg8 Rxg8 36. Ne8 Rg2+ 37. Kd1 Rg1+ 38. Ke2 Rg2+ 39. Kd3 c4+ 40.
Kxc4 Rd2 41. Nf6 Rd6 42. Kc5 Rxf6 43. d8=Q Kg5 44. Qe7 h4 45. Qg7+ Kf5 46. Qxb7 Kg5 47. Qg2+ Kh5 48. Qd5+ Kg4 49. Qg8+ Kf4 50. Qb8+ Kg5 51.
Qxa7 h3 52. Qg7+ Rg6 53. Qe5+ Kh4 54. Qf4+ Rg4 55. Qf2+ Rg3 56. a4 Kg4 57. a5 Rg2 58. Qd4+ Kg3 59. Qe5+ Kg4 60. Qe4+ Kg3 61. Qe3+ Kg4 62.
Qe6+ Kg3 63. a6 h2 64. Qe5+ Kg4 65. Qe4+ Kg3 66. Qe3+ Kg4 67. Qe1 Rg1 68. Qe4+ Kg3 69. a7 h1=Q 70. Qxh1 Rxh1 71. a8=Q Rh5+ 72. Kb4 Kf2 73.
c4 Ke2 74. Qe8+ Re5 75. Qxe5+ 1-0

[Event "Early-Titled-Tuesday-Blitz-February-13-2024"]
[Site "Chess.com"]
[Date "2024.02.13"]
[Round "2"]
[White "TimGrutter03"]
[Black "stollenmonster"]
[Result "1/2-1/2"]
[WhiteElo "2633"]
[BlackElo "2912"]
[TimeControl "180+1"]
[EndTime "8:21:22 PST"]
[Termination "Game drawn - insufficient material"]

1. c4 Nf6 2. Nf3 e6 3. e3 d5 4.
b3 Be7 5. Bb2 O-O 6. Qc2 Ne4 7.
Nc3 f5 8. Be2 c6 9. O-O Bd7 10.
Ne5 Be8 11. d3 Nxc3 12. Bxc3 Nd7 13. Nxd7 Qxd7 14. Qb2 Bf6 15. Bxf6 Rxf6 16. Qe5 Bg6 17.
f4 Rff8 18. Rac1 Rae8 19. Rfd1 Qf7 20. Bf3 Bh5 21. Rf1 h6 22. d4 Kh7 23. Bxh5 Qxh5 24.
Rf3 Rg8 25. Rcf1 g5 26. fxg5 Rxg5 27. Rg3 Rxg3 28. Qxg3 Re7 29. Rf3 Qg5 30. Kf2 Rg7 31. Qxg5 hxg5 32. Rh3+ Kg6 33. Rh8 Rh7 34. Rg8+ Kf7 35.
Rb8 Kf6 36. h3 Rf7 37. Rh8 dxc4 38. bxc4 e5 39. Rh6+ Kg7 40. Rd6 e4 41. g3 Rc7 42. h4 g4 43. h5 a5 44. a4 b5 45.
axb5 cxb5 46. cxb5 Rc2+ 47. Kf1 Rc3 48. b6 Rxe3 49.
Rd5 Rb3 50. Rxa5 Kf6 51. h6 Rxb6 52. h7 Rb8 53. Ra7 Rd8 54. Kf2 Kg6 55. Ke3 Rh8 56.
Kf4 Rxh7 57. Ra6+ Kh5 58. Kxf5 e3 59. Re6 Rf7+ 60. Ke4 Rf3 61. Kd3 Rxg3 62. d5 Rg1 63. Rxe3 Kh4 64. Ke4 Rd1 65. Rd3 Re1+ 66. Kd4 g3 67. Rd2 Kh3 68. d6 g2 69. Rxg2 Kxg2 70.
Kc5 Rd1 71. Kc6 Kf3 72. d7 Ke4 73. Kc7 Rxd7+ 74. Kxd7 1/2-1/2

[Event "Early-Titled-Tuesday-Blitz-February-13-2024"]
[Site "Chess.com"]
[Date "2024.02.13"]
[Round "2"]
[White "ChristopherYoo"]
[Black "bazar-wokzal"]
[Result "1/2-1/2"]
[WhiteElo "2978"]
[BlackElo "2657"]
[TimeControl "180+1"]
[EndTime "8:21:24 PST"]
[Termination "Game drawn by repetition"]

1. d4 Nf6 2. Nf3 e6 3. c4 Nc6 4. g3 Bb4+ 5. Bd2 Qe7 6. Bg2 Bxd2+ 7. Nbxd2 d6 8. e4 e5 9. d5 Nb8 10. O-O O-O 11. b4 c6 12. Ne1 cxd5 13. exd5 a5 14. a3 axb4 15. axb4 Bg4 16. f3 Rxa1 17. Qxa1 Bf5 18. Qa3 Nbd7 19. Nd3 Rc8 20. b5 Bxd3 21. Qxd3 Nc5 22. Qa3 Qc7 23. g4 h6 24. Kh1 Nh7 25. Ra1 Nf8 26. Qe3 Ng6 27. g5 Nf4 28. gxh6 g6 29. Rg1 Qe7 30. Bf1 Qh4 31. Ne4 Nxe4 32.
fxe4 Qxh6 33. h3 Kg7 34. Kh2 Ra8 35. c5 Ra2+ 36. Kh1 dxc5 37. d6 Ra4 38. Qxc5 Qh5 39.
d7 Qf3+ 40. Bg2 Nxg2 41. Qxe5+ Kh7 42. Rxg2 Ra2 43. Qg3 Qxg3 44. Rxg3 Rd2 45. e5 Rxd7 46. b6 Re7 47. Rc3 Kh6 48. Rc7 Rxe5 49. Rxf7 Rb5 50. Rxb7 Rb2 51. Kg1 g5 52. Kf1 Kg6 53. Ke1 Rb3 54. Rb8 Kg7 55. b7 Rb2 56. Kd1 Kh7 57.
Kc1 Rb6 58. Kc2 Kg7 59. Kd3 Rb4 60. Kc3 Rb1 61. Kd4 Rb5 62. Kc4 Rb1 63. Kd5 Rb5+ 64. Ke6 Rb1 65. Kf5 Rb5+ 66. Kg4 Kh7 67. Kf3 Kg7 68.
Ke3 Rb1 69. Ke4 Kh7 70. Kd5 Kg7 71. Kc6 Rc1+ 72. Kd6 Rd1+ 73. Ke6 Rb1 74. Kf5 Rb5+ 75. Kg4 Kh7 76. Kh5 Kg7 77. Kg4 1/2-1/2

[Event "Early-Titled-Tuesday-Blitz-February-13-2024"]
[Site "Chess.com"]
[Date "2024.02.13"]
[Round "2"]
[White "DeArron_Fox"]
[Black "OscarAng"]
[Result "1-0"]
[WhiteElo "2505"]
[BlackElo "2222"]
[TimeControl "180+1"]
[EndTime "8:21:24 PST"]
[Termination "DeArron_Fox won by checkmate"]

1. d4 d5 2. c4 e6 3. Nc3 Nf6 4. cxd5 exd5 5. Bg5 c6 6. e3 Bd6 7. Bd3 h6 8. Bh4 Nbd7 9. Nge2 O-O 10. O-O b6 11. f3 Qc7 12. Bg3 Bb7 13. e4 dxe4 14.
fxe4 Bxg3 15. Nxg3 c5 16. e5 Nd5 17. Nxd5 Bxd5 18.
Nf5 Be6 19. Qg4 Bxf5 20. Bxf5 Rad8 21. e6 Nf6 22. exf7+ Rxf7 23. Qg6 Kf8 24. Be6 Rxd4 25. Qxf7+ Qxf7 26. Bxf7 Kxf7 27. Rad1 Rxd1 28. Rxd1 Ke7 29. Kf2 Ne4+ 30. Kf3 Nd6 31. b3 Nb5 32. Kf4 Nd4 33.
Ke5 g6 34. Rf1 Nf5 35. g4 Ne3 36. Rf4 h5 37. gxh5 gxh5 38. h3 b5 39. Rh4 c4 40.
bxc4 bxc4 41. Re4 Nd1 42. Rxc4 Nf2 43. Ra4 a5 44. Rxa5 Nxh3 45. Ra7+ Kd8 46. a4 h4 47. Rh7 Ng5 48. Rh5 Nf3+ 49. Ke4 Nd2+ 50. Kd3 Nf3 51. Ke3 Ne1 52. Kd2 Nf3+ 53. Ke2 Nd4+ 54. Ke3 Nc2+ 55. Ke4 Nb4 56. Rxh4 Kc7 57. Rh5 Kb6 58. Kd4 Nc2+ 59. Kc3 Ne3 60. Kb4 Nc2+ 61. Kb3 Nd4+ 62. Kc4 Nc2 63.
Rb5+ Ka6 64. Rb3 Ne1 65. Rb5 Nf3 66. Rd5 Nh4 67. Kd3 Ng6 68. Ke4 Ne7 69. Rc5 Kb6 70. Kd4 Ng8 71. a5+ Ka6 72. Kc4 Ne7 73. Kb4 Ng8 74.
Rc6+ Kb7 75. Re6 Nh6 76. Rxh6 Ka7 77. a6 Ka8 78. Kb5 Ka7 79. Rh7+ Kb8 80. Kc6 Kc8 81. Rh8# 1-0